 Dungeon Crawl Stone Soup version 0.31-a0-1144-g99969ba1bc (webtiles) character file.

Game seed: 5325193075195198872

404 Dirtsage the Digger (level 6, -16/37 HPs)
             Began as a Gargoyle Earth Elementalist on Dec 6, 2023.
             Was a Follower of Vehumet.
             Demolished by an ogre
             ... wielding a +0 giant spiked club
              (30 damage)
             ... on level 5 of the Dungeon.
             The game lasted 00:08:09 (4309 turns).

Dirtsage the Digger (Gargoyle Earth Elementalist)   Turns: 4309, Time: 00:08:10

Health: -16/37     AC:  6    Str: 11    XL:     6   Next: 86%
Magic:  4/10       EV: 11    Int: 18    God:    Vehumet [*.....]
Gold:   279        SH:  0    Dex: 10    Spells: 7/11 levels left

rFire   . . .        w - +8 trident of the Octopus King {venom, rElec rPois}
rCold   . . .        (no shield)
rNeg    + . .        a - +0 robe
rPois   ∞            (no helmet)
rElec   +            (no cloak)
rCorr   +            (no gloves)
SInv    .            (no boots)
Will    .....        i - amulet of regeneration
Stlth   ++           C - ring of resist corrosion
HPRegen 1.06/turn    (no ring)
MPRegen 0.12/turn

%: no passive effects
@: very slightly contaminated
A: sickness immunity, AC +4, negative energy resistance 1, electricity
resistance, torment resistance 1, petrification resistance
a: Renounce Religion


You were on level 5 of the Dungeon.
You worshipped Vehumet.
Vehumet was aware of your devotion.
You visited 2 branches of the dungeon, and saw 6 of its levels.

You collected 279 gold pieces.

Inventory:

Hand Weapons
 c - a +2 dagger of venom
 d - a +2 whip of venom
 w - the +8 trident of the Octopus King (weapon) {venom, rElec rPois}
   (You found it on level 4 of the Dungeon)

   rElec:     It insulates you from electricity.
   rPois:     It protects you from poison
Missiles
 k - a throwing net
Armour
 a - a +0 robe (worn)
 s - a +0 pair of boots
Jewellery
 i - an amulet of regeneration (around neck)
 C - a ring of resist corrosion (left hand)
Scrolls
 e - a scroll of noise {unknown}
 f - a scroll of enchant armour {unknown}
 g - a scroll of identify {unknown}
 m - a scroll of silence {unknown}
 n - a scroll of teleportation {unknown}
 r - 2 scrolls of torment {unknown}
 t - a scroll of amnesia {unknown}
 v - a scroll of revelation {unknown}
 y - a scroll of fear {unknown}
Potions
 b - a potion of magic
 h - a potion of ambrosia {unknown}
 j - a potion of cancellation {unknown}
 l - a potion of berserk rage {unknown}
 o - a potion of heal wounds {unknown}
 p - 2 potions of enlightenment {unknown}
 q - a potion of mutation {unknown}
 u - a potion of attraction {unknown}
 x - 2 potions of curing {unknown}


   Skills:
 + Level 3.0 Fighting
 - Level 1.5 Dodging
 - Level 2.1 Stealth
 + Level 3.3 Spellcasting
 + Level 3.0 Conjurations
 - Level 0.7 Transmutations
 * Level 6.3 Earth Magic


You had 7 spell levels left.
You knew the following spells:

 Your Spells              Type           Power      Damage    Failure   Level
a - Sandblast             Erth           50%        2d12      1%          1
x - Stone Arrow           Conj/Erth      40%        3d9       7%          3

Your spell library contained the following spells:

 Spells                   Type           Power      Damage    Failure   Level
 Foxfire                  Conj/Fire      32%        2x1d5     9%          1
 Passwall                 Tmut/Erth      12%        N/A       5%          2
 Brom's Barrelling Bould  Conj/Erth      20%        2d4       22%         4
 Blink                    Tloc           4%         N/A       24%         2
 Ensorcelled Hibernation  Hex/Ice        4%         N/A       24%         2
 Jinxbite                 Hex            4%         N/A       24%         2
 Petrify                  Tmut/Erth      15%        N/A       36%         4
 Anguish                  Hex/Necr       1%         N/A       85%         4
 Manifold Assault         Tloc           2%         N/A       85%         4
 Vhi's Electric Charge    Tloc/Air       4%         N/A       85%         4
 Arcjolt                  Conj/Air       4%         1d14      93%         5
 Maxwell's Capacitive Co  Air            1%         ∞         100%        8


Dungeon Overview and Level Annotations

Branches:
Dungeon (5/15)             Temple (1/1) D:4

Altars:
Ashenzari
Cheibriados
Dithmenos
Elyvilon
Gozag
Hepliaklqana
Kikubaaqudgha
Makhleb
Nemelex Xobeh
Okawaru
Ru
Trog
Uskayaw
Vehumet
Wu Jian
Yredelemnul
Zin
The Shining One


Innate Abilities, Weirdness & Mutations

You are immune to sickness and miasma.
Your stone body is resilient. (AC +4)
You are immune to poison.
You resist negative energy. (rN+)
You are resistant to electric shocks. (rElec)
You are resistant to unholy torment.
You are immune to petrification.


Message History

The ufetubus closely misses you.
The ufetubus hits you but does no damage. x2
The ufetubus closely misses you.
You puncture the ufetubus!
You kill the ufetubus!
Vehumet accepts your kill.
Health restored: 37 No target in view!
You open the door.
There is an open door here.
There is an open door here.
An ogre comes into view. It is wielding a +0 giant spiked club.
The ogre shouts!
Welcome back, Dirtsage the Gargoyle Earth Elementalist.
Vehumet says: Let it end in hellfire!
Press ? for a list of commands and other information.
Cast which spell? (? or * to list)
Aiming: Stone Arrow (dangerous; 7% risk of failure)
Press: ? - help, Shift-Dir - straight line, f - ogre
Aim: an ogre, wielding a +0 giant spiked club (86% to hit)
You miscast Stone Arrow.
You are very lightly contaminated with residual magic.
Nothing appears to happen.
You now have 7/10 mp.
You reach to attack!
You barely miss the ogre. You hit the ogre.
The ogre is poisoned.
The ogre is lightly wounded.
The ogre hits you with a +0 giant spiked club!!
Ouch! That really hurt!
You take 24 damage, and have 13/37 hp.
MASSIVE DAMAGE!!
Casting: Stone Arrow (dangerous; 7% risk of failure)
Confirm with . or Enter, or press ? or * to list all spells.
Aiming: Stone Arrow (dangerous; 7% risk of failure)
Press: ? - help, Shift-Dir - straight line, f/p - ogre
Aim: an ogre, wielding a +0 giant spiked club (moderately wounded, very poisoned, 86% to hit)
The stone arrow hits the ogre!
The ogre is heavily wounded.
The ogre hits you with a +0 giant spiked club!!
Ouch! That really hurt!
You die...

....# ######.##
##.....## #. .####
#.# ##...## #. .#
#. ##'## #. .# #.
#.# ## .# #. #.#
.# #. ##.## .# #.
##...####### .#
#O#####...........
.#
#.@.....#..#######
## #######....#
##...# #...# ##.##
### #.# ##.## #.#
##.#.######## #.#
##)###.#.....# #.#


You could see an ogre (very poisoned).

Vanquished Creatures
  A water moccasin (D:5)
  An iguana (D:4)
  3 orc wizards (D:5)
  2 gnolls (D:5)
  5 adders
  A white imp (D:4)
  4 ufetubi (D:5)
  3 worms (D:2)
  5 dart slugs
  7 orcs
  6 bats
  8 endoplasms
  2 giant cockroaches
  9 goblins
  13 hobgoblins
  4 jackals
  11 kobolds
  2 quokkas
  5 ball pythons
  3 frilled lizards
  6 rats (D:1)
101 creatures vanquished.

Notes
Turn   | Place    | Note
-------+----------+-------------------------------------------
     0 | D:1      | Dirtsage the Gargoyle Earth Elementalist began the quest
                  | for the Orb.
     0 | D:1      | Reached XP level 1. HP: 10/10 MP: 3/3
   144 | D:1      | Reached XP level 2. HP: 16/16 MP: 3/5
   163 | D:1      | Reached skill level 4 in Earth Magic
   334 | D:1      | Reached skill level 1 in Fighting
   337 | D:1      | Reached skill level 1 in Conjurations
   413 | D:1      | Reached XP level 3. HP: 16/20 MP: 6/6
   915 | D:1      | Learned a level 3 spell: Stone Arrow
  1340 | D:2      | Reached XP level 4. HP: 25/25 MP: 5/7
  1921 | D:3      | Found a glowing silver altar of Zin.
  1944 | D:3      | Reached skill level 5 in Earth Magic
  2177 | D:3      | Found a faded altar of an unknown god.
  2490 | D:3      | Reached XP level 5. HP: 30/30 MP: 6/8
  2724 | D:4      | Found a radiant altar of Vehumet.
  2724 | D:4      | Found a white marble altar of Elyvilon.
  2730 | D:4      | Became a worshipper of Vehumet
  2764 | D:4      | Found a staircase to the Ecumenical Temple.
  2774 | Temple   | Entered the Ecumenical Temple
  3325 | D:4      | Found the +8 trident of the Octopus King {venom, rElec
                  | rPois}
  3524 | D:5      | Entered Level 5 of the Dungeon
  3664 | D:5      | Reached XP level 6. HP: 32/36 MP: 10/10
  3776 | D:5      | Noticed a water moccasin
  3788 | D:5      | Killed a water moccasin
  3789 | D:5      | Reached skill level 6 in Earth Magic
  3791 | D:5      | Reached * piety under Vehumet
  3791 | D:5      | Offered knowledge of Foxfire by Vehumet.
  4078 | D:5      | Found a bloodstained altar of Trog.
  4309 | D:5      | Demolished by an ogre

Illustrated notes

Levels and vault maps discovered:
D:1:      dpeg_arrival_subterranean_lakeside_camping, layout_loops_ring,
          serial_bayou_lagoon_b
D:2:      layout_basic
D:3:      layout_rooms, mainiacjoe_overflow_surrounded_room,
          shapermc_ecumenical_altar_venn, serial_aquarium,
          aquarium_bridge_long_joined [aquarium_subvault_balcony,
          aquarium_subvault_bridge, aquarium_subvault_wall,
          aquarium_subvault_balcony, aquarium_subvault_window,
          aquarium_subvault_window], aquarium_bridge_square
          [aquarium_subvault_window, aquarium_subvault_bridge,
          aquarium_subvault_wall, aquarium_subvault_wall],
          aquarium_window_corridor_1, aquarium_window_1, aquarium_view_4,
          aquarium_view_2g, aquarium_balcony_3b
D:4:      layout_gridville, nicolae_overflow_two_pavilions,
          minmay_temple_entry_offerings
D:5:      layout_loops_corners, trog_antimagical
Temple:   zaba_magenta_temple

Skill      XL: |  1  2  3  4  5  6 |
---------------+-------------------+-----
Earth Magic    | 4 5 6 |  6.3
Fighting       | 1 2 3 |  3.0
Conjurations   | 1 2 3 |  3.0
Spellcasting   | 3 |  3.3
Dodging        | |  1.5
Stealth        | |  2.1
Transmutations | |  0.7

Action                     |  1- 3 |  4- 6 || total
---------------------------+-------+-------++-------
  Melee: Whip              |    77 |    26 ||   103
         Trident           |       |    35 ||    35
   Cast: Sandblast         |    20 |    58 ||    78
         Stone Arrow       |       |     1 ||     1
   Stab: Sleeping          |     5 |       ||     5
 Armour: Robe              |    41 |    53 ||    94
  Dodge: Dodged            |    33 |    35 ||    68

Table legend: (Time is in decaauts)
 A = Elapsed time spent in this place.
 B = Non-inter-level travel time spent in this place.
 C = Inter-level travel time spent in this place.
 D = Time resting spent in this place.
 E = Time spent auto-exploring this place.
 F = Levels seen in this place.
 G = Mean time per level.
                   A        B        C        D        E       F      G
               +--------+--------+--------+--------+--------+-----+--------+
         Total |   4390 |   4270 |    120 |      0 |   3582 |   6 |  731.7 |
       Dungeon |   4388 |   4268 |    120 |      0 |   3582 |   5 |  877.6 |
        Temple |      1 |      1 |      0 |      0 |      0 |   1 |    1.0 |
               +--------+--------+--------+--------+--------+-----+--------+

Top non-repeatable levels by time:
     D:1: 959 daAuts
     D:4: 919 daAuts
     D:2: 892 daAuts
     D:3: 818 daAuts
     D:5: 798 daAuts
  Temple: 1 daAuts
